 Dungeon Crawl Stone Soup version 0.21.1-1-g345015f (webtiles) character file.

108 equizz the Shield-Bearer (level 5, -6/41 HPs)
             Began as a Human Fighter on Feb 14, 2018.
             Blown up by Ijyb (18 damage)
             ... with a wand of disintegration (6)
             ... on level 4 of the Dungeon.
             The game lasted 00:15:10 (2276 turns).

equizz the Shield-Bearer (Human Fighter)            Turns: 2276, Time: 00:15:11

Health: -6/41      AC:  6    Str: 16    XL:     5   Next: 12%
Magic:  5/5        EV:  7    Int:  9    God:
Gold:   60         SH:  9    Dex: 13    Spells: 4/4 levels left

rFire    . . .     SeeInvis .   a - +0 war axe
rCold    . . .     Gourm    .   c - +0 shield
rNeg     . . .     Faith    .   b - +0 scale mail
rPois    .         Spirit   .   (no helmet)
rElec    .         Reflect  .   (no cloak)
rCorr    .         Harm     .   (no gloves)
MR       .....                  (no boots)
Stlth    ..........             (no amulet)
HPRegen  0.13/turn              s - ring of flight
MPRegen  0.09/turn              (no ring)

@: no status effects
A: no striking features
a: Evoke Flight


You were on level 4 of the Dungeon.
You were not hungry.

You visited 1 branch of the dungeon, and saw 4 of its levels.

You collected 60 gold pieces.

Inventory:

Hand Weapons
 a - a +0 war axe (weapon)
 o - a +0 short sword of venom
Missiles
 p - 3 steel javelins (quivered)
Armour
 b - a +0 scale mail (worn)
 c - a +0 shield (worn)
Jewellery
 s - a ring of flight (left hand)
Scrolls
 g - a scroll of remove curse {unknown}
 h - 3 scrolls of identify {unknown}
 j - a scroll of fear {unknown}
 l - 2 scrolls of enchant armour {unknown}
 m - a scroll of blinking {unknown}
 n - a scroll of magic mapping {unknown}
 q - 2 scrolls of fog {unknown}
 t - a scroll of immolation {unknown}
Potions
 d - a potion of might
 e - 3 potions of curing {unknown}
 i - 2 potions of haste {unknown}
 k - 2 potions of lignification {unknown}
 r - a potion of invisibility {unknown}
Comestibles
 f - 2 rations


   Skills:
 + Level 3.5 Fighting
 + Level 3.3 Axes
 + Level 3.3 Armour
 + Level 0.5 Dodging
 + Level 3.8 Shields


You had 4 spell levels left.
You didn't know any spells.

Dungeon Overview and Level Annotations

Branches:
Dungeon (4/15)
 Temple: D:4-7

Altars:
Yredelemnul

Annotations:
D:4 Ijyb, Pikel


Message History

You slash Ijyb!
Ijyb is almost dead.
You block Ijyb's attack.
You closely miss Ijyb.
Ijyb is almost dead.
Ijyb hits you but does no damage. x2
Your shield and scale mail prevent you from hitting Ijyb.
Ijyb is almost dead.
You block Ijyb's attack.
You closely miss Ijyb.
Ijyb is almost dead.
Ijyb zaps a wand.
You are blasted!
Ijyb zaps a wand.
You are blasted!
* * * LOW HITPOINT WARNING * * *
You barely miss Ijyb.
Ijyb is severely wounded.
Ijyb hits you but does no damage.
You closely miss Ijyb.
Ijyb is severely wounded.
Ijyb zaps a wand.
You are blasted!
You die...

# ### . ..## ..
.##..# ... .
...)##.... ..#
#..[.#..#.
....####.........
#..............
#.g@†........
#.###........ ..
#.....[.. ...
#........ ...
#........ ..
#<....... .
#########


You could see Ijyb.

Vanquished Creatures
  3 adders (D:2)
  2 oozes
  2 worms
  A dart slug (D:1)
  2 leopard geckos (D:1)
  2 orcs (D:3)
  9 bats
  2 giant cockroaches
  5 goblins
  10 hobgoblins
  3 jackals (D:1)
  3 quokkas
  2 ball pythons
  5 frilled lizards
  A kobold (D:3)
  7 rats
59 creatures vanquished.

Notes
Turn   | Place    | Note
-------+----------+-------------------------------------------
     0 | D:1      | equizz the Human Fighter began the quest for the Orb.
     0 | D:1      | Reached XP level 1. HP: 18/18 MP: 1/1
   150 | D:1      | Reached XP level 2. HP: 16/24 MP: 2/2
   299 | D:1      | Reached XP level 3. HP: 18/29 MP: 3/3
   798 | D:2      | Reached XP level 4. HP: 20/35 MP: 4/4
  1050 | D:2      | Found a faded altar of an unknown god.
  1208 | D:2      | Found a basalt altar of Yredelemnul.
  1630 | D:3      | Reached XP level 5. HP: 40/41 MP: 5/5
  2214 | D:4      | Noticed a slave
  2214 | D:4      | Noticed a slave
  2214 | D:4      | Noticed an ogre
  2216 | D:4      | Noticed Pikel
  2256 | D:4      | Noticed Ijyb
  2276 | D:4      | Blown up by Ijyb

Skill      XL: |  1  2  3  4 |
---------------+-------------+-----
Axes           | 3 |  3.3
Fighting       | |  3.5
Armour         | |  3.3
Dodging        | |  0.5
Shields        | |  3.8

Action                   |  1- 3 |  4- 6 || total
-------------------------+-------+-------++-------
Melee: War axe           |   106 |   122 ||   228
  Eat: Ration            |       |     2 ||     2
Armor: Scale mail        |    49 |    48 ||    97
Dodge: Dodged            |    37 |    31 ||    68
Block: Shield            |    64 |    63 ||   127
